 Dungeon Crawl Stone Soup version 0.25.0-41-g26779e291d (webtiles) character file.

Game seed: 8419029371611932399

252 Ethylacetat the Stinger (level 6, -4/36 HPs)
             Began as an Octopode Venom Mage on July 10, 2020.
             Slain by Grinder (5 damage)
             ... on level 4 of the Dungeon.
             The game lasted 00:08:17 (4187 turns).

Ethylacetat the Stinger (Octopode Venom Mage)       Turns: 4187, Time: 00:08:17

Health: -4/36      AC:  1    Str:  7    XL:     6   Next: 14%
Magic:  1/10       EV: 13    Int: 19    God:
Gold:   151        SH:  0    Dex: 13    Spells: 10/11 levels left

rFire    + . .     SeeInvis .   (no weapon)
rCold    . . .     Gourm    .   (no shield)
rNeg     . . .     Faith    .   (helmet restricted)
rPois    .         Spirit   .   (no amulet)
rElec    .         Reflect  .   r - ring of protection from fire
rCorr    .         Harm     .   h - ring of attention (curse)
MR       +....                  l - ring of protection from magic
Stlth    ++........             (no ring)
HPRegen  0.12/turn              (no ring)
MPRegen  0.12/turn              (no ring)
                                (no ring)
                                (no ring)

@: no status effects
A: almost no armour, stealthy swim, amphibious, 8 rings, constrict 8, camouflage
1, gelatinous body 1
a: no special abilities


You were on level 4 of the Dungeon.
You were not hungry.

You visited 1 branch of the dungeon, and saw 4 of its levels.
You also visited: Sewer.

You collected 151 gold pieces.

Inventory:

Jewellery
 h - a cursed ring of attention (right tentacle)
 l - a ring of protection from magic (on tentacle)
 r - a ring of protection from fire (left tentacle)
Wands
 s - a wand of flame (11)
Scrolls
 a - 2 scrolls of remove curse {unknown}
 e - 4 scrolls of identify {unknown}
 f - a scroll of random uselessness {unknown}
 i - 3 scrolls of teleportation {unknown}
 m - 4 scrolls of blinking {unknown}
 n - a scroll of fog {unknown}
Potions
 c - a potion of degeneration {unknown}
 d - a potion of brilliance {unknown}
 g - a potion of mutation {unknown}
 j - 2 potions of heal wounds {unknown}
 k - a potion of haste {unknown}
 o - a potion of might {unknown}
 p - a potion of magic {unknown}
 q - a potion of lignification {unknown}
Comestibles
 b - 10 rations
 t - a chunk of flesh


   Skills:
 - Level 2.0 Dodging
 - Level 2.6 Stealth
 + Level 3.1 Spellcasting
 * Level 3.7 Transmutations
 * Level 5.7 Poison Magic


You had 10 spell levels left.
You knew the following spells:

 Your Spells              Type           Power        Failure   Level  Hunger
a - Sting                 Tmut/Pois      ###.         2%          1    None

Your spell library contained the following spells:

 Spells                   Type           Power        Failure   Level  Hunger
 Poisonous Vapours        Pois/Air       ##....       7%          2    ##.....
 Ignite Poison            Fire/Tmut/Pois ###.....     12%         3    ###....
 Olgreb's Toxic Radiance  Pois           ###.....     14%         4    ####...
 Mephitic Cloud           Conj/Pois/Air  ##......     21%         3    ###....


Dungeon Overview and Level Annotations

Branches:
Dungeon (4/15)              Sewer (visited)
 Temple: D:4-7

Altars:
Wu Jian

Annotations:
D:4 Grinder


Innate Abilities, Weirdness & Mutations

You cannot wear most types of armour.
You are very stealthy in the water. (Stealth+)
You are amphibious.
You can wear up to eight rings at the same time.
You can use your tentacles to constrict eight enemies at once.
Your skin changes colour to match your surroundings (Stealth+).
Your rubbery body absorbs attacks. (AC +1, EV +1)


Message History

You constrict Grinder.
Grinder rolls her eyes.
Grinder hits you.
You writhe in agony.
You completely miss Grinder.
Grinder is severely wounded.
You constrict Grinder, but do no damage.
Grinder hits you!
* * * LOW HITPOINT WARNING * * *
You tentacle-slap Grinder.
Grinder is severely wounded.
You constrict Grinder. Grinder closely misses you.
You tentacle-slap Grinder but do no damage.
Grinder is severely wounded.
You constrict Grinder. Grinder barely misses you.
You tentacle-slap Grinder.
Grinder is almost dead.
You constrict Grinder. Grinder hits you!
* * * LOW HITPOINT WARNING * * *
You writhe in agony.
You die...

#..#. #.... #..#.
#.... #..#. #....
...####..#. #....
.........#.
#....#+###########<##.
#.....................
#....5................
#....@................
#.........(...........
#####.#########.....[.
#.# #.##.### #.#
#.##.### #.# #.#....#
#.# #.####.# #.#
#.#....# ####รท#
#.#.####


You could see Grinder (very poisoned).

Vanquished Creatures
  A scorpion (D:4)
  6 adders
  A gnoll (D:1)
  5 river rats
  An adder zombie (D:2)
  2 worms (D:3)
  3 dart slugs
  5 leopard geckos
  3 ball pythons (Sewer)
  6 bats
  3 giant cockroaches
  12 goblins
  7 hobgoblins
  2 jackals (D:3)
  A quokka (D:4)
  8 frilled lizards
  10 kobolds
  4 rats
80 creatures vanquished.

Notes
Turn   | Place    | Note
-------+----------+-------------------------------------------
     0 | D:1      | Ethylacetat the Octopode Venom Mage began the quest for the
                  | Orb.
     0 | D:1      | Reached XP level 1. HP: 11/11 MP: 3/3
   129 | D:1      | Reached skill level 4 in Poison Magic
   129 | D:1      | Reached XP level 2. HP: 17/17 MP: 0/5
   533 | D:1      | Reached XP level 3. HP: 21/21 MP: 4/6
  1325 | D:2      | Found an ornate altar of the Wu Jian Council.
  1486 | D:2      | Reached XP level 4. HP: 27/27 MP: 4/7
  2436 | D:3      | Reached skill level 5 in Poison Magic
  2452 | D:3      | Found a glowing drain.
  2465 | D:3      | Reached XP level 5. HP: 8/31 MP: 0/9
  2530 | Sewer    | Entered a sewer
  4011 | D:4      | Reached XP level 6. HP: 33/36 MP: 6/10
  4166 | D:4      | Noticed Grinder
  4187 | D:4      | HP: 1/36 [Grinder (10)]
  4187 | D:4      | Slain by Grinder

Illustrated notes

Levels and vault maps discovered:
D:1:      saegor_arrival_miasma, layout_basic, chequers_serial_rivers_small_b,
          minmay_tetromino_i4
D:2:      layout_basic, overflow_temple_1_default
D:3:      layout_rooms, gup_sewer_entry_bubbles
D:4:      black_bear_nest_2, layout_basic, nicolae_overflow_crystal_walls,
          tso_oasis_becter, gammafunk_ghost_gnarly_gnolls, uniq_grinder

Skill      XL: |  1  2  3  4  5 |
---------------+----------------+-----
Poison Magic   | 4 5 |  5.7
Transmutations | 2 3 |  3.7
Spellcasting   | 3 |  3.1
Dodging        | |  2.0
Stealth        | |  2.6

Action                   |  1- 3 |  4- 6 || total
-------------------------+-------+-------++-------
Melee: Unarmed           |    16 |    45 ||    61
       Constrict         |     4 |    10 ||    14
       Tentacles         |       |     7 ||     7
 Cast: Sting             |    59 |   104 ||   163
 Stab: Sleeping          |       |     2 ||     2
  Eat: Chunk             |     2 |     9 ||    11
Armor: Skin              |     4 |     2 ||     6
Dodge: Dodged            |    24 |    48 ||    72
